 Dungeon Sprint DCSS version 0.31-a0-731-ga75f04deac (webtiles) character file.

Game seed: 17168393600695237549

21042 Conn the Eclecticist (level 12, -2/77 HPs)
             Began as an Octopode Fire Elementalist on Sept 12, 2023.
             Was a High Priest of Sif Muna.
             Slain by an ice dragon (12 damage)
             ... in the Dungeon (Sprint II: "The Violet Keep of Menkaure").
             The game lasted 01:03:19 (4360 turns).

Conn the Eclecticist (Octopode Fire Elementalist)   Turns: 4360, Time: 01:03:22

Health: -2/77      AC:  1    Str:  8    XL:     12   Next: 85%
Magic:  8/10       EV: 18    Int: 23    God:    Sif Muna [*****.]
Gold:   335        SH:  5    Dex:  6    Spells: 3/43 levels left

rFire   . . .        d - +8 shortbow "Puech" {antimagic, Contam rC+++ rN+++ rCorr}
rCold   + + +        (shield currently unavailable)
rNeg    + + +        (helmet restricted)
rPois   .            m - amulet of reflection
rElec   +            e - ring "Ipul" {rElec rCorr EV+5 Int+4 Dex-5}
rCorr   +            (no ring)
SInv    .            (no ring)
Will    .....        (no ring)
Stlth   ++++         (no ring)
HPRegen 0.00/turn    (no ring)
MPRegen 0.12/turn    (no ring)
                     (no ring)

%: no teleportation, reflection
@: channelling, very slightly contaminated, inhibited regen
A: almost no armour, amphibious, 8 rings, camouflage 1, gelatinous body 1,
(nimble swimmer 1), tentacles, clumsy 1, dopey 1, screaming 1, inhibited
regeneration, inability to read after injury 1
a: Renounce Religion, Channel Magic, Forget Spell, Divine Exegesis


You were in the Dungeon.
You worshipped Sif Muna.
Sif Muna was extremely pleased with you.
You visited 1 branch You collected 1904 gold pieces.
You spent 1569 gold pieces at shops.

Inventory:

Hand Weapons
 d - the +8 shortbow "Puech" (weapon) {antimagic, Contam rC+++ rN+++ rCorr}
   (You bought it in a shop in the Dungeon)

   rC+++:     It renders you almost immune to cold.
   rN+++:     It renders you almost immune to negative energy.
   Contam:    It causes magical contamination when unequipped.
   rCorr:     It protects you from acid and corrosion.
Armour
 p - a +0 kite shield
Jewellery
 e - the ring "Ipul" (left tentacle) {rElec rCorr EV+5 Int+4 Dex-5}
   (You bought it in a shop in the Dungeon)

   [ring of evasion]

   EV+5:      It affects your evasion (+5).
   Int+4:     It affects your intelligence (+4).
   Dex-5:     It affects your dexterity (-5).
   rElec:     It insulates you from electricity.
   rCorr:     It protects you from acid and corrosion.
 m - an amulet of reflection (around mantle)
Scrolls
 i - 2 scrolls of immolation
 k - a scroll of identify
 l - a scroll of silence
Potions
 a - 6 potions of magic
 g - a potion of berserk rage
 j - 5 potions of enlightenment
 n - a potion of cancellation


   Skills:
 + Level 5.2 Fighting
 + Level 2.7 Axes
 - Level 8.1 Ranged Weapons
 + Level 6.6 Dodging
 - Level 5.6 Stealth
 + Level 0.8 Shields
 + Level 16.1 Spellcasting
 * Level 13.5 Conjurations
 + Level 4.3 Hexes
 + Level 2.4 Summonings
 + Level 1.5 Transmutations
 + Level 14.3 Fire Magic
 * Level 7.3 Ice Magic
 + Level 8.8 Air Magic
 + Level 2.7 Poison Magic
 + Level 11.9 Invocations


You had 3 spell levels left.
You knew the following spells:

 Your Spells              Type           Power      Damage    Failure   Level
a - Foxfire               Conj/Fire      100%       2x1d9     0%          1
b - Scorch                Fire           100%       2d9       0%          2
c - Inner Flame           Hex/Fire       57%        N/A       1%          3
d - Arcjolt               Conj/Air       31%        1d41      1%          5
e - Mephitic Cloud        Conj/Pois/Air  55%        N/A       1%          3
f - Call Imp              Summ           58%        N/A       1%          2
g - Freezing Cloud        Conj/Ice/Air   29%        6-21      1%          5
h - Starburst             Conj/Fire      35%        6d10      1%          6
i - Fireball              Conj/Fire      35%        3d15      1%          5
j - Irradiate             Conj/Tmut      26%        3d20      3%          5
k - Hailstorm             Conj/Ice       61%        3d13      1%          3

Your spell library contained the following spells:

 Spells                   Type           Power      Damage    Failure   Level
 Magic Dart               Conj           100%       1d8       0%          1
 Shock                    Conj/Air       100%       1d9       1%          1
 Momentum Strike          Conj/Tloc      98%        3d10      1%          2
 Poisonous Vapours        Pois/Air       90%        N/A       1%          2
 Static Discharge         Conj/Air       100%       2-7/arc   1%          2
 Dazzling Flash           Conj/Hex       100%       N/A       1%          3
 Ignite Poison            Fire/Tmut/Pois 47%        N/A       1%          3
 Stone Arrow              Conj/Erth      98%        3d13      1%          3
 Tukima's Dance           Hex            38%        N/A       1%          3
 Volatile Blastmotes      Fire/Tloc      100%       2d18      1%          3
 Wereblood                Tmut           25%        N/A       2%          2
 Flame Wave               Conj/Fire      70%        2d16      1%          4
 Fulminant Prism          Conj/Hex       28%        3d14      1%          4
 Yara's Violent Unravell  Hex/Tmut       16%        3d8       26%         5
 Animate Dead             Necr           18%        N/A       30%         4
 Passage of Golubria      Tloc           18%        N/A       30%         4
 Alistair's Intoxication  Tmut/Pois      18%        N/A       34%         5
 Chain Lightning          Conj/Air       31%        3d42      100%        9


Dungeon Overview and Level Annotations

Branches:
Dungeon (1/1)

Altars:
Cheibriados
Dithmenos
Elyvilon
Fedhas
Gozag
Hepliaklqana
Kikubaaqudgha
Makhleb
Nemelex Xobeh
Okawaru
Qazlal
Ru
Sif Muna
Trog
Uskayaw
Vehumet
Wu Jian
Xom
Yredelemnul
Zin
The Shining One
Jiyva
Lugonu

Shops:
D (:=?!?(![[:[==:

Annotations:
D exclusions: obsidian statue and oklob plant, Roxanne


Innate Abilities, Weirdness & Mutations

You cannot wear most types of armour.
You are amphibious.
You can wear up to eight rings at the same time.
Your skin changes colour to match your surroundings (Stealth+).
Your rubbery body absorbs attacks. (AC +1, EV +1)
((You are camouflaged when in or above water. (Stealth+)))
You have tentacles for arms and can constrict up to eight enemies at once.
You are clumsy. (Dex -2)
You are dopey. (Int -2)
You occasionally shout uncontrollably at your foes.
You do not regenerate when monsters are visible.
You occasionally lose the ability to read scrolls when taking damage.


Message History

Casting: Starburst (dangerous; 1% risk of failure)
Confirm with . or Enter, or press ? or * to list all spells.
Okay, then.
Okay, then.
Unknown command.
Unknown command.
Unknown command.
Unknown command.
Unknown command.
Unknown command.
Unknown command.
Casting: Starburst (dangerous; 1% risk of failure)
Confirm with . or Enter, or press ? or * to list all spells.
Okay, then.
Unknown command.
Unknown command.
Unknown command.
Unknown command.
Okay, then.
Unknown command.
You feel better. The ice dragon closely misses you.
The ice dragon barely misses you. The ice dragon misses you.
Something hits you!
* * * LOW HITPOINT WARNING * * *
Casting: Starburst (dangerous; 1% risk of failure)
Confirm with . or Enter, or press ? or * to list all spells.
Okay, then.
Casting: Starburst (dangerous; 1% risk of failure)
Confirm with . or Enter, or press ? or * to list all spells.
You erupt in a fountain of uncontrolled magic!
The ice dragon is blasted with magical radiation!
The ice dragon is heavily wounded.
The ice dragon twists and deforms.
The manticore is blasted with magical radiation!!
You kill the manticore!
Sif Muna accepts your kill.
Something is blasted with magical radiation!!
You are very lightly contaminated with residual magic.
Something hits you but does no damage. The ice dragon bites you!
You die...

########## ...$?H'D@#
.$(.$.#†.#### +####
#{##..####+####
#..†.##≈≈≈≈≈≈≈##
#..###§§≈°≈°≈○≈##
#########..+≈§§≈○8≈§≈≈≈#
#...##...####≈≈§≈≈≈°≈≈
#..........~##°§≈≈○≈
############~~#'°○#''○##


You could see an ice dragon (misshapen) and a manticore.

Vanquished Creatures
  A golden dragon (D)
  A bone dragon (D)
  A kraken (D)
  2 sphinxes (D)
  Kirke (D)
  A storm dragon (D)
  A frost giant (D)
  A cacodemon (D)
  A deep elf high priest (D)
  A yaktaur captain (D)
  A centaur warrior (D)
  A death drake (D)
  A skeletal warrior (D)
  2 deep trolls (D)
  2 manticores (D)
  3 shining eyes (D)
  A merfolk siren (D)
  An elephant (D)
  2 cane toads (D)
  An unseen horror (D)
  A yaktaur (D)
  3 polar bears (D)
  A hornet (D)
  11 flying skulls (D)
  2 wyverns (D)
  5 water moccasins (D)
  A swamp drake (D)
  5 necrophages (D)
  A scorpion (D)
  4 lava snakes (D)
  An iron imp (D)
  3 worms (D)
64 creatures vanquished.

Vanquished Creatures (others)
  A kobold demonologist (D)
  A flying skull (D)
  Menkaure (D)
  30 foxfires (D)
  187 tentacles (D)
220 creatures vanquished.

Grand Total: 284 creatures vanquished

Notes
Turn   | Place    | Note
-------+----------+-------------------------------------------
     0 | D        | Conn the Octopode Fire Elementalist began the quest for the
                  | Orb.
     0 | D        | Reached XP level 1. HP: 11/11 MP: 3/3
     4 | D        | Noticed a necrophage
     4 | D        | Noticed a necrophage
     4 | D        | Noticed a necrophage
     4 | D        | Noticed a necrophage
     9 | D        | Killed a necrophage
    10 | D        | Reached skill level 4 in Spellcasting
    10 | D        | Reached skill level 5 in Fire Magic
    10 | D        | Reached XP level 2. HP: 14/17 MP: 4/7
    10 | D        | Reached XP level 3. HP: 17/21 MP: 4/8
    10 | D        | Reached XP level 4. HP: 22/27 MP: 5/10
    12 | D        | Killed a necrophage
    13 | D        | Reached skill level 5 in Spellcasting
    13 | D        | Reached XP level 5. HP: 26/31 MP: 5/12
    20 | D        | Reached skill level 5 in Stealth
    20 | D        | Reached skill level 6 in Spellcasting
    20 | D        | Reached XP level 6. HP: 25/37 MP: 5/15
    31 | D        | Learned a level 2 spell: Scorch
    35 | D        | Learned a level 3 spell: Inner Flame
    40 | D        | Learned a level 4 spell: Flame Wave
    52 | D        | Found Ximabbos's Book Emporium.
    52 | D        | Found Migostroa's Antique Armour Shoppe.
    52 | D        | Found Jeluggibb's Jewellery Shoppe.
    52 | D        | Found Botrou's Book Emporium.
    53 | D        | Found Higojen's Jewellery Emporium.
    53 | D        | Found Ewiby's Armour Shoppe.
    53 | D        | Found Zoybaq's Distillery.
    54 | D        | Found Ikarphim's Antique Weapon Emporium.
    54 | D        | Found Ugepun's Magic Scroll Shoppe.
    54 | D        | Found Saeta's Distillery.
    54 | D        | Noticed a wyvern
    55 | D        | Found Jupsia Fiala's Antique Armour Emporium.
    56 | D        | Found Yritiwni's Magic Scroll Shoppe.
    56 | D        | Found Mivo's Jewellery Emporium.
    56 | D        | Noticed a water moccasin
    56 | D        | Noticed a wyvern
    56 | D        | Noticed an oklob plant
    56 | D        | Killed Menkaure
    57 | D        | Noticed a wyvern
    59 | D        | Killed a water moccasin
    60 | D        | Reached skill level 7 in Spellcasting
    60 | D        | Reached skill level 5 in Conjurations
    60 | D        | Noticed a wyvern
    61 | D        | Found Juavaq's Weapon Shoppe.
    61 | D        | Found Wikkupic's Book Shoppe.
    72 | D        | Noticed a black bear
    73 | D        | Noticed a black bear
    75 | D        | Noticed a wyvern
    75 | D        | Noticed a flying skull
    76 | D        | Noticed a black bear
    76 | D        | Noticed a flying skull
    77 | D        | Noticed a flying skull
    79 | D        | Bought a scorched shortbow for 200 gold pieces
    79 | D        | Identified the +8 shortbow "Puech" {antimagic, Contam rC+++
                  | rN+++ rCorr} (You bought it in a shop in the Dungeon)
    89 | D        | Bought a potion of lignification for 42 gold pieces
   119 | D        | Noticed a water moccasin
   122 | D        | Killed a water moccasin
   123 | D        | Reached skill level 1 in Fighting
   123 | D        | Found an iron altar of Okawaru.
   123 | D        | Found an opulent altar of Gozag.
   124 | D        | Found a sparkling altar of Nemelex Xobeh.
   124 | D        | Found a blossoming altar of Fedhas.
   125 | D        | Found a radiant altar of Vehumet.
   125 | D        | Found a burning altar of Makhleb.
   125 | D        | Found a white marble altar of Elyvilon.
   126 | D        | Found a hide-covered altar of Uskayaw.
   126 | D        | Found a corrupted altar of Lugonu.
   126 | D        | Found a shadowy altar of Dithmenos.
   127 | D        | Found a glowing silver altar of Zin.
   127 | D        | Found a bloodstained altar of Trog.
   127 | D        | Found an ancient bone altar of Kikubaaqudgha.
   128 | D        | Found a basalt altar of Yredelemnul.
   128 | D        | Found a shimmering blue altar of Sif Muna.
   128 | D        | Found a viscous altar of Jiyva.
   129 | D        | Found a shimmering altar of Xom.
   129 | D        | Found a sacrificial altar of Ru.
   131 | D        | Found a glowing golden altar of the Shining One.
   131 | D        | Found an ornate altar of the Wu Jian Council.
   131 | D        | Found a stormy altar of Qazlal.
   131 | D        | Found a snail-covered altar of Cheibriados.
   131 | D        | Found a hazy altar of Hepliaklqana.
   134 | D        | Noticed a water moccasin
   135 | D        | Noticed a water moccasin
   137 | D        | Became a worshipper of Sif Muna the Loreminder
   150 | D        | Noticed a kraken
   188 | D        | Learned a level 3 spell: Mephitic Cloud
   362 | D        | Learned a level 2 spell: Call Imp
   380 | D        | Noticed a water moccasin
   506 | D        | Killed a water moccasin
   506 | D        | Killed a water moccasin
   506 | D        | Killed a water moccasin
   506 | D        | Reached * piety under Sif Muna
   507 | D        | Reached skill level 5 in Dodging
   507 | D        | Reached skill level 8 in Spellcasting
   507 | D        | Reached skill level 10 in Fire Magic
   507 | D        | Reached XP level 7. HP: 19/43 MP: 11/19
   508 | D        | Noticed a polar bear
   509 | D        | Noticed a hornet
   512 | D        | Noticed a yaktaur
   520 | D        | Killed a polar bear
   520 | D        | HP: 3/64 [tentacle[a kraken] (13)]
   521 | D        | Reached skill level 1 in Summonings
   521 | D        | Reached XP level 8. HP: 4/50 MP: 14/20
   522 | D        | Killed a hornet
   523 | D        | Reached skill level 9 in Spellcasting
   523 | D        | Killed a yaktaur
   523 | D        | Reached ** piety under Sif Muna
   524 | D        | Reached skill level 1 in Poison Magic
   792 | D        | Noticed a polar bear
   978 | D        | Killed a kraken
   979 | D        | Reached skill level 10 in Spellcasting
   979 | D        | Reached skill level 5 in Air Magic
   979 | D        | Reached XP level 9. HP: 55/55 MP: 5/23
   997 | D        | Noticed a deep troll
  1020 | D        | Killed a deep troll
  1021 | D        | Reached skill level 1 in Hexes
  1027 | D        | Noticed a deep troll
  1038 | D        | Killed a deep troll
  1039 | D        | Reached XP level 10. HP: 63/63 MP: 0/24
  1132 | D        | Reached *** piety under Sif Muna
  1334 | D        | Gained mutation: You are dopey. (Int -2) [mutagenic glow]
  1527 | D        | Noticed a merfolk siren
  1531 | D        | Killed a merfolk siren
  1531 | D        | Reached **** piety under Sif Muna
  1532 | D        | Reached skill level 11 in Spellcasting
  1598 | D        | Bought a pitted battleaxe for 287 gold pieces
  1598 | D        | Identified the +1 battleaxe of Undoing {flame, Fragile rC-
                  | rCorr Int+8} (You bought it in a shop in the Dungeon)
  1611 | D        | Bought the ring "Ipul" {rElec rCorr EV+5 Int+4 Dex-5} for
                  | 535 gold pieces
  1611 | D        | Bought an amulet of reflection for 300 gold pieces
  1632 | D        | Noticed a centaur warrior
  1632 | D        | Noticed Kirke
  1632 | D        | Noticed a skeletal warrior
  1634 | D        | Noticed a kobold demonologist
  1638 | D        | Noticed an obsidian statue
  1669 | D        | Killed a kobold demonologist
  1704 | D        | Killed a skeletal warrior
  1849 | D        | Noticed a cane toad
  1852 | D        | Killed a cane toad
  1888 | D        | Noticed a cane toad
  1894 | D        | Killed a cane toad
  1935 | D        | Killed a centaur warrior
  1936 | D        | Reached skill level 12 in Spellcasting
  2120 | D        | Killed Kirke
  2120 | D        | Reached ***** piety under Sif Muna
  2121 | D        | Reached skill level 10 in Conjurations
  2121 | D        | Reached XP level 11. HP: 56/70 MP: 18/27
  2149 | D        | Noticed a yaktaur captain
  2154 | D        | Reached skill level 5 in Fighting
  2157 | D        | Killed a yaktaur captain
  2158 | D        | Reached skill level 1 in Axes
  2158 | D        | Reached skill level 13 in Spellcasting
  2255 | D        | Noticed a golden dragon
  2283 | D        | Bought a scroll of blinking for 75 gold pieces
  2288 | D        | Bought a potion of haste for 130 gold pieces
  2364 | D        | Noticed a sphinx
  2364 | D        | Noticed a sphinx
  2371 | D        | Killed a sphinx
  2373 | D        | Paralysed by a sphinx for 4 turns
  2392 | D        | Killed a sphinx
  2393 | D        | Reached skill level 14 in Spellcasting
  2393 | D        | Reached skill level 10 in Invocations
  2540 | D        | Noticed Roxanne
  2649 | D        | Learned a level 5 spell: Freezing Cloud
  2659 | D        | Received a gift from Sif Muna
  2661 | D        | Got Sif Muna's Secrets of Lightning and the Pyre {god gift}
  2827 | D        | Learned a level 6 spell: Starburst
  2845 | D        | Reached skill level 1 in Ice Magic
  2849 | D        | Reached ****** piety under Sif Muna
  2853 | D        | Received a gift from Sif Muna
  3054 | D        | Got Sif Muna's Catalogue of the Bonfire and Sculpting {god
                  | gift}
  3064 | D        | Learned a level 5 spell: Fireball
  3070 | D        | Learned a level 5 spell: Irradiate
  3084 | D        | Noticed a bone dragon
  3084 | D        | Noticed a storm dragon
  3088 | D        | Noticed a cacodemon
  3147 | D        | Killed a cacodemon
  3150 | D        | Killed a bone dragon
  3151 | D        | Reached skill level 15 in Spellcasting
  3151 | D        | Reached XP level 12. HP: 45/77 MP: 8/31
  3223 | D        | Noticed a frost giant
  3256 | D        | Noticed a deep elf high priest
  3267 | D        | Killed a frost giant
  3267 | D        | Killed a deep elf high priest
  3268 | D        | Reached skill level 5 in Ice Magic
  3313 | D        | Received a gift from Sif Muna
  3330 | D        | Killed a storm dragon
  3463 | D        | Got Idoatul's Vellum of Radiant Diablerie {god gift}
  3849 | D        | Killed a golden dragon
  3850 | D        | Reached skill level 16 in Spellcasting
  3850 | D        | Reached skill level 1 in Transmutations
  4142 | D        | Learned a level 3 spell: Hailstorm
  4203 | D        | Gained mutation: You do not regenerate when monsters are
                  | visible. [a shining eye]
  4210 | D        | Gained mutation: You occasionally lose the ability to read
                  | scrolls when taking damage. [a shining eye]
  4212 | D        | Gained mutation: You occasionally shout uncontrollably at
                  | your foes. [a shining eye]
  4213 | D        | Gained mutation: You are clumsy. (Dex -2) [a shining eye]
  4215 | D        | Received a gift from Sif Muna
  4216 | D        | Got Ereshkigal's Omnibus of the Discharge {god gift}
  4351 | D        | Learned a level 5 spell: Arcjolt
  4352 | D        | Noticed an ice dragon
  4360 | D        | Slain by an ice dragon

Illustrated notes

Levels and vault maps discovered:
D:        the_violet_keep_of_menkaure [sprint2_stairs_cluster_1,
          sprint2_shoproom, sprint2_temple, sprint2_basic_supplies,
          sprint2_obstacle_5, sprint2_obstacle_6, sprint2_obstacle_3,
          sprint2_obstacle_1, sprint2_obstacle_4, sprint2_timed_cluster_1,
          sprint2_smallroom_cluster_1, sprint2_smallroom_final_cluster_1,
          sprint2_transparent_cluster_1, sprint2_second_timed_cluster_1,
          sprint2_sniper_area_1, sprint2_heavy_combat_area_1,
          sprint2_mutation_trap_area_1, sprint2_forest_area_1,
          sprint2_light_combat_area_1, sprint2_behind_water_1,
          sprint2_near_end_vault_1]

Skill      XL: |  1  2  3  4  5  6  7  8  9 10 11 12 |
---------------+-------------------------------------+-----
Dodging        | 3 4 5 6 |  6.6
Stealth        | 3 4 5 |  5.6
Spellcasting   | 4 5 6 8 10 12 15 16 | 16.1
Conjurations   | 2 3 4 6 7 8 10 12 13 | 13.5
Fire Magic     | 5 6 8 10 11 13 14 | 14.3
Fighting       | 1 2 4 5 |  5.2
Air Magic      | 2 3 5 6 8 |  8.8
Invocations    | 3 6 7 9 11 | 11.9
Summonings     | 1 2 |  2.4
Poison Magic   | 1 2 |  2.7
Ranged Weapons | 8 |  8.1
Hexes          | 1 2 3 4 |  4.3
Axes           | 1 2 |  2.7
Ice Magic      | 4 7 |  7.3
Transmutations | 1 |  1.5
Shields        | |  0.8

Action                     |  1- 3 |  4- 6 |  7- 9 | 10-12 || total
---------------------------+-------+-------+-------+-------++-------
  Melee: Unarmed           |     3 |     8 |       |       ||    11
         Tentacles         |     2 |     4 |       |     4 ||    10
         Constrict         |     1 |     3 |       |     4 ||     8
         Battleaxe         |       |       |       |    15 ||    15
   Fire: Shortbow          |       |       |   166 |     5 ||   171
   Cast: Foxfire           |       |     7 |     2 |    12 ||    21
         Scorch            |       |     5 |     5 |    36 ||    46
         Call Imp          |       |     1 |     1 |    11 ||    13
         Flame Wave        |       |     1 |     1 |     6 ||     8
         Mephitic Cloud    |       |       |     3 |    12 ||    15
         Inner Flame       |       |       |     7 |    16 ||    23
         Starburst         |       |       |       |    37 ||    37
         Freezing Cloud    |       |       |       |     6 ||     6
         Fireball          |       |       |       |     7 ||     7
         Irradiate         |       |       |       |     5 ||     5
 Invoke: Channel Magic     |       |       |       |    10 ||    10
         Forget Spell      |       |       |       |     1 ||     1
    Use: Potion            |     2 |       |     8 |     9 ||    19
         Scroll            |       |     1 |       |     6 ||     7
 Armour: Skin              |     2 |    13 |    21 |    78 ||   114
  Dodge: Dodged            |       |     6 |     8 |    62 ||    76
  Block: Other             |       |       |       |     7 ||     7

Table legend: (Time is in decaauts)
 A = Elapsed time spent in this place.
 B = Non-inter-level travel time spent in this place.
 C = Inter-level travel time spent in this place.
 D = Time resting spent in this place.
 E = Time spent auto-exploring this place.
 F = Levels seen in this place.
 G = Mean time per level.
                   A        B        C        D        E       F      G
               +--------+--------+--------+--------+--------+-----+--------+
         Total |   4402 |   4399 |      3 |   2436 |      0 |   1 | 4402.0 |
       Dungeon |   4402 |   4399 |      3 |   2436 |      0 |   1 | 4402.0 |
               +--------+--------+--------+--------+--------+-----+--------+

Top non-repeatable levels by time:
       D: 4402 daAuts
